 Dungeon Crawl Stone Soup version 0.19.4-9-g45fd643 (webtiles) character file.

35 JeffiDaFish the Covered (level 3, -2/23 HPs)
             Began as a Gargoyle Fighter on Feb 16, 2017.
             Slain by a goblin (4 damage)
             ... led by Robin
             ... on level 2 of the Dungeon.
             The game lasted 00:03:59 (1046 turns).

JeffiDaFish the Covered (Gargoyle Fighter)          Turns: 1046, Time: 00:03:59

Health: -2/23      AC: 12    Str: 24    XL:     3   Next: 33%
Magic:  3/3        EV:  7    Int: 10    God:
Gold:   23         SH:  9    Dex: 10    Spells: 0 memorised, 2 levels left

rFire  . . .     SeeInvis .     e - +2 whip (drain)
rCold  . . .     Gourm    .     b - +0 scale mail
rNeg   + . .     Faith    .     c - +0 shield
rPois  ∞         Spirit   .     (no helmet)
rElec  +         Reflect  .     (no cloak)
rCorr  .         Harm     .     (no gloves)
MR     +....                    (no boots)
Stlth  ..........               (no amulet)
                                (no ring)
                                i - +2 ring of protection

@: mighty
A: clever 1, magic resistance 1, negative energy resistance 1, electricity
resistance, unbreathing, petrification resistance, rot immunity, subdued magic
1, AC +3
a: no special abilities


You were on level 2 of the Dungeon.
You were hungry.

You visited 1 branch of the dungeon, and saw 2 of its levels.

You collected 23 gold pieces.

Inventory:

Hand Weapons
 e - a +2 whip of draining (weapon)
Armour
 b - a +0 scale mail (worn)
 c - a +0 shield (worn)
Jewellery
 i - a +2 ring of protection (left hand)
Scrolls
 h - a scroll of identify
Potions
 d - a potion of might
Comestibles
 a - a meat ration
 f - 4 bread rations
 g - 3 chunks of flesh
 j - a royal jelly
 k - a slice of pizza


   Skills:
 + Level 3.4 Fighting
 + Level 2.6 Maces & Flails
 + Level 3.8 Armour
 + Level 0.1 Dodging
 + Level 3.6 Shields


You had 2 spell levels left.
You didn't know any spells.

Dungeon Overview and Level Annotations

Branches:
Dungeon (2/15)

Altars:

Annotations:
D:2 Robin


Innate Abilities, Weirdness & Mutations

You are resistant to torment.
Your stone body is resilient. (AC +3)
You are immune to poison.
You resist negative energy. (rN+)
You are resistant to electric shocks. (rElec)
You can survive without breathing.
You are immune to petrification.
You are immune to rotting.
Your mind is acute. (Int +2)
You are resistant to hostile enchantments. (MR+)
Your spells are a little easier to cast, but a little less powerful.


Message History

The goblin no longer looks unusually strong. x2
The goblin hits you but does no damage. x2; The goblin hits you.
* * * LOW HITPOINT WARNING * * *
The goblin completely misses you.
You hit the goblin.
You kill the goblin!
The goblin no longer looks unusually strong.
You block the goblin's attack. The goblin hits you.
* * * LOW HITPOINT WARNING * * *
Robin roars a battlecry!
The goblins go into a battle-frenzy!
The goblin hits you but does no damage. The goblin hits you.
* * * LOW HITPOINT WARNING * * *
Robin throws the goblin at you! The goblin hits you but does no damage.
Items here: )) = † a club; a moonstone ring; a dagger; a goblin corpse You feel very mighty all of a sudden.
The goblin hits you but does no damage. The goblin hits you.
You die...

## ############ #. #..........
#######' ..#.......
#########....... #........
#............... .......g
#............... ...!...
#...............
.....g#############.############.
.>....g....g(ggg@g...............
.......##....#.g###....##########
...(...##....##g# #.##.# #
..#..........##...... .# ##### #
#...######.....#.... . #...#
#...# #.....#.##.. . #....
###...# ......+. ....# #....
......# #.....#.##.... #....
......# #..#...... #....


You could see Robin and 6 goblins.

Vanquished Creatures
  An adder (D:2)
  A dart slug (D:2)
  A leopard gecko (D:1)
  A ball python (D:1)
  3 bats
  A giant cockroach (D:1)
  3 hobgoblins
  2 frilled lizards (D:1)
  4 goblins
  2 kobolds (D:1)
  2 rats (D:1)
21 creatures vanquished.

Notes
Turn   | Place    | Note
-------+----------+-------------------------------------------
     0 | D:1      | JeffiDaFish the Gargoyle Fighter began the quest for the Orb.
     0 | D:1      | Reached XP level 1. HP: 14/14 MP: 1/1
   290 | D:1      | Gained mutation: You are resistant to hostile enchantments. (MR+) [potion of mutation]
   290 | D:1      | Gained mutation: Your spells are a little easier to cast, but a little less powerful. [potion of mutation]
   290 | D:1      | Gained mutation: Your mind is acute. (Int +2) [potion of mutation]
   373 | D:1      | Reached XP level 2. HP: 19/19 MP: 2/2
   914 | D:2      | Reached XP level 3. HP: 19/23 MP: 3/3
  1017 | D:2      | Noticed Robin
  1046 | D:2      | Slain by a goblin

Action                   || total
-------------------------++-------
Melee: Flail             ||    47
       Whip              ||    42
  Use: Potion            ||     3
       Scroll            ||     6
Armor: Scale mail        ||    58
Dodge: Dodged            ||    38
Block: Shield            ||    56
